 Dungeon Crawl Stone Soup version 0.27-a0-242-ge0fc76b88b (webtiles) character file.

Game seed: 9283871868458095533

2835 tilp the Covert (level 9, -14/74 HPs)
             Began as a Gnoll Delver on Feb 2, 2021.
             Was a Believer of Cheibriados.
             Demolished by an orc warrior
             ... wielding a +0 halberd
              (21 damage)
             ... in a bailey.
             The game lasted 00:17:34 (9291 turns).

tilp the Covert (Gnoll Delver)                      Turns: 9291, Time: 00:17:34

Health: -14/74     AC: 12    Str: 16    XL:     9   Next: 73%
Magic:  15/15      EV: 10    Int: 21    God:    Cheibriados [**....]
Gold:   445        SH:  0    Dex: 19    Spells: 14/17 levels left

rFire    . . .     SeeInvis .   b - +2 scimitar (elec)
rCold    . . .     Faith    .   (no shield)
rNeg     . . .     Spirit   .   I - +0 chain mail
rPois    .         Reflect  .   w - +2 helmet
rElec    .         Harm     .   (no cloak)
rCorr    .         Rampage  .   (no gloves)
Will     ++...                  (no boots)
Stlth    +++.......             (no amulet)
HPRegen  0.22/turn              m - ring of stealth
MPRegen  0.14/turn              D - ring of the Mage {Wiz Will++ Int+3}

@: very slow
A: distributed training, fangs 1, strong nose
a: Renounce Religion, Bend Time


You were in a bailey.
You worshipped Cheibriados.
Cheibriados was pleased with you.
You visited 1 branch of the dungeon, and saw 7 of its levels.
You also visited: Sewer and Bailey.

You collected 445 gold pieces.

Inventory:

Hand Weapons
 a - a +2 dagger of venom
 b - a +2 scimitar of electrocution (weapon)
Missiles
 f - 216 stones
 B - 4 javelins
 F - a boomerang (quivered)
Armour
 w - a +2 helmet (worn)
 I - a +0 chain mail (worn)
Magical Staves
 l - an uncursed staff of conjuration {unknown}
Jewellery
 k - a +6 ring of dexterity
 m - a ring of stealth (left hand)
 D - the ring of the Mage (right hand) {Wiz Will++ Int+3}
   (You found it on level 5 of the Dungeon)

   [ring of wizardry]

   It improves your spell success rate.
   It affects your intelligence (+3).
   It affects your willpower, your defense against some magical effects.
Wands
 g - a wand of digging (2)
 j - a wand of acid (9)
Scrolls
 c - 5 scrolls of fog
 d - a scroll of immolation {unknown}
 e - 5 scrolls of remove curse
 i - 5 scrolls of identify
 o - a scroll of enchant weapon {unknown}
 p - a scroll of teleportation {unknown}
 r - a scroll of fear
 y - a scroll of magic mapping
 A - a scroll of vulnerability {unknown}
 C - a scroll of amnesia {unknown}
 E - a scroll of random uselessness {unknown}
Potions
 h - 7 potions of attraction
 n - a potion of resistance
 s - 3 potions of curing
 t - a potion of mutation
 x - a potion of ambrosia
 G - a potion of brilliance
 H - a potion of might


   Skills:
 + Level 8.0 Fighting
 + Level 4.5 Short Blades
 + Level 4.5 Long Blades
 + Level 4.5 Axes
 + Level 6.5 Maces & Flails
 + Level 4.5 Polearms
 + Level 4.5 Staves
 + Level 4.5 Slings
 + Level 4.5 Bows
 + Level 4.5 Crossbows
 + Level 4.5 Throwing
 + Level 4.5 Armour
 + Level 6.5 Dodging
 + Level 10.5 Stealth
 + Level 4.5 Shields
 + Level 4.5 Unarmed Combat
 + Level 4.5 Spellcasting
 + Level 3.7 Conjurations
 + Level 3.7 Hexes
 + Level 3.7 Summonings
 + Level 3.7 Necromancy
 + Level 3.7 Translocations
 + Level 3.7 Transmutations
 + Level 3.7 Fire Magic
 + Level 3.7 Ice Magic
 + Level 3.7 Air Magic
 + Level 3.7 Earth Magic
 + Level 3.7 Poison Magic
 + Level 5.0 Invocations
 + Level 4.5 Evocations


You had 14 spell levels left.
You knew the following spells:

 Your Spells              Type           Power        Failure   Level
a - Corona                Hex            22%          16%         1
b - Blink                 Tloc           N/A          22%         2

Your spell library contained the following spells:

 Spells                   Type           Power        Failure   Level
 Magic Dart               Conj           80%          16%         1
 Call Imp                 Summ           20%          22%         2
 Ensorcelled Hibernation  Hex/Ice        40%          22%         2
 Slow                     Hex            20%          22%         2
 Confusing Touch          Hex            20%          41%         3
 Conjure Flame            Conj/Fire      20%          41%         3
 Dazzling Flash           Conj/Hex       40%          41%         3
 Gell's Gravitas          Tloc           10%          41%         3
 Mephitic Cloud           Conj/Pois/Air  20%          41%         3
 Tukima's Dance           Hex            20%          41%         3
 Petrify                  Tmut/Erth      20%          80%         4
 Metabolic Englaciation   Hex/Ice        10%          98%         5
 Yara's Violent Unravell  Hex/Tmut       10%          98%         5


Dungeon Overview and Level Annotations

Branches:
Dungeon (7/15)             Temple (0/1) D:6           Sewer (visited)
 Bailey (1/1)

Altars:
Cheibriados
Dithmenos
Fedhas
Hepliaklqana
Makhleb
Qazlal
Xom
Yredelemnul
Zin


Innate Abilities, Weirdness & Mutations

Your experience applies equally to all skills.
You have very sharp teeth.
Your uncanny sense of smell can sniff out nearby items.


Message History

You slash the orc warrior!
You bite the orc warrior, but do no damage.
The orc warrior is almost dead.
The orc warrior hits you with a +0 halberd!
* * * LOW HITPOINT WARNING * * *
You barely miss the orc warrior. Your bite misses the orc warrior.
The orc warrior is almost dead.
The orc warrior hits you but does no damage.
You barely miss the orc warrior.
You bite the orc warrior, but do no damage.
The orc warrior is almost dead.
The orc warrior hits you with a +0 halberd.
* * * LOW HITPOINT WARNING * * *
You hit the orc warrior but do no damage.
The orc warrior is almost dead.
The orc warrior barely misses you.
You hit the orc warrior but do no damage.
The orc warrior is almost dead.
The orc warrior hits you with a +0 halberd!!
You die...

.....≈≈≈.....≈.
≈≈.........≈≈≈.
.≈≈≈.....≈≈≈cc≈ #...# #...#
#...# #...#
#########''o#########
##...........@.).....##
##..........)..........##
##....)..⌠#######⌠.......##
#≈.)).#####.....#####....≈#
#≈...##....≈≈≈≈≈....##...≈#
#≈...#.⌠.≈≈≈...≈≈≈.⌠.#...≈#
#≈...#..≈≈))≈.≈..≈≈..#)).≈#
#≈..⌠#.≈≈)≈≈≈)≈≈≈.≈≈.#)..≈#
#≈..##.≈.≈≈.))).≈≈.≈.##..≈#


You could see an orc warrior.

Vanquished Creatures
  2 steam dragons (D:6)
  A black bear (D:6)
  7 orc warriors
  3 sky beasts
  An ogre (D:5)
  2 centaurs (Bailey)
  A phantom (D:6)
  A bullfrog (D:6)
  2 scorpions (D:6)
  4 wights
  A howler monkey (D:4)
  2 hounds
  A bullfrog zombie (D:7)
  5 orc priests
  Jessica (D:3)
  An iguana (D:4)
  6 orc wizards
  3 worker ants
  A hound skeleton (D:5)
  Robin (D:3)
  A howler monkey skeleton (D:6)
  5 gnolls
  8 adders
  A shadow imp (D:5)
  2 white imps
  An ufetubus (D:6)
  2 oozes (D:3)
  4 worms
  2 dart slugs
  6 leopard geckos
  33 orcs
  5 giant cockroaches
  14 goblins
  9 hobgoblins
  5 jackals
  3 quokkas
  2 ball pythons
  10 bats
  6 frilled lizards
  A jackal skeleton (D:6)
  4 kobolds
  A leopard gecko zombie (D:5)
  A rat (D:1)
172 creatures vanquished.

Vanquished Creatures (others)
  A fungus (D:6)
  A plant (D:5)
2 creatures vanquished.

Grand Total: 174 creatures vanquished

Notes
Turn   | Place    | Note
-------+----------+-------------------------------------------
     0 | D:5      | Reached skill level 9 in Stealth
     0 | D:5      | tilp the Gnoll Delver began the quest for the Orb.
     0 | D:5      | Reached XP level 1. HP: 23/23 MP: 1/1
     1 | D:6      | Found a shimmering altar of Xom.
     1 | D:6      | Found a glowing silver altar of Zin.
     1 | D:6      | Noticed an angel
     1 | D:6      | Noticed a bullfrog
    14 | D:5      | Noticed an orc wizard
    34 | D:5      | Found a glowing drain.
    44 | Sewer    | Entered a sewer
    97 | Sewer    | Noticed Purgy
   149 | D:4      | Reached XP level 2. HP: 16/29 MP: 2/2
   443 | D:3      | Reached XP level 3. HP: 15/35 MP: 3/3
   532 | D:3      | Reached skill level 1 in Invocations
   947 | D:3      | Reached skill level 1 in Short Blades
   947 | D:3      | Reached skill level 1 in Long Blades
   947 | D:3      | Reached skill level 1 in Axes
   947 | D:3      | Reached skill level 1 in Polearms
   947 | D:3      | Reached skill level 1 in Staves
   947 | D:3      | Reached skill level 1 in Slings
   947 | D:3      | Reached skill level 1 in Bows
   947 | D:3      | Reached skill level 1 in Crossbows
   947 | D:3      | Reached skill level 1 in Throwing
   947 | D:3      | Reached skill level 1 in Armour
   947 | D:3      | Reached skill level 1 in Shields
   947 | D:3      | Reached skill level 1 in Unarmed Combat
   947 | D:3      | Reached skill level 1 in Spellcasting
   947 | D:3      | Reached skill level 1 in Evocations
  1126 | D:3      | Reached XP level 4. HP: 35/41 MP: 5/5
  1343 | D:3      | Noticed Jessica
  1346 | D:3      | Killed Jessica
  1347 | D:3      | Reached skill level 1 in Conjurations
  1347 | D:3      | Reached skill level 1 in Hexes
  1347 | D:3      | Reached skill level 1 in Summonings
  1347 | D:3      | Reached skill level 1 in Necromancy
  1347 | D:3      | Reached skill level 1 in Translocations
  1347 | D:3      | Reached skill level 1 in Transmutations
  1347 | D:3      | Reached skill level 1 in Fire Magic
  1347 | D:3      | Reached skill level 1 in Ice Magic
  1347 | D:3      | Reached skill level 1 in Air Magic
  1347 | D:3      | Reached skill level 1 in Earth Magic
  1347 | D:3      | Reached skill level 1 in Poison Magic
  1679 | D:1      | Reached XP level 5. HP: 47/47 MP: 6/6
  3566 | D:3      | Noticed Robin
  3576 | D:3      | Killed Robin
  3577 | D:3      | Reached XP level 6. HP: 53/53 MP: 8/8
  3669 | D:4      | Reached skill level 5 in Maces & Flails
  3669 | D:4      | Reached skill level 5 in Dodging
  3793 | D:4      | Found a basalt altar of Yredelemnul.
  4417 | D:4      | Reached XP level 7. HP: 56/59 MP: 10/10
  5008 | D:5      | Found the ring of the Mage {Wiz Will++ Int+3}
  5386 | D:5      | Found a snail-covered altar of Cheibriados.
  5490 | D:5      | Reached skill level 10 in Stealth
  5499 | D:5      | Reached XP level 8. HP: 37/67 MP: 12/12
  5823 | D:5      | Became a worshipper of Cheibriados the Contemplative
  6061 | D:6      | Found a shadowy altar of Dithmenos.
  6063 | D:6      | Found a stormy altar of Qazlal.
  6090 | D:6      | Found a burning altar of Makhleb.
  7097 | D:6      | Found a blossoming altar of Fedhas.
  7126 | D:6      | Found a hazy altar of Hepliaklqana.
  7134 | D:6      | Reached XP level 9. HP: 60/73 MP: 14/14
  7469 | D:6      | Found a staircase to the Ecumenical Temple.
  7542 | D:6      | Learned a level 1 spell: Corona
  7545 | D:6      | Learned a level 2 spell: Blink
  7581 | D:6      | Reached * piety under Cheibriados
  7797 | D:7      | Found a flagged portal.
  7941 | Bailey   | Entered a bailey
  8041 | Bailey   | Reached ** piety under Cheibriados
  9063 | Bailey   | Reached skill level 5 in Invocations
  9291 | Bailey   | Demolished by an orc warrior

Illustrated notes

Levels and vault maps discovered:
D:1:      lemuel_arrival_broad_hall, layout_loops_ring
D:2:      layout_basic, item_on_display_a
D:3:      layout_basic, uniq_robin, uniq_jessica
D:4:      layout_basic, lemuel_doored_altar
D:5:      layout_cave_pools, marbit_many_paths, portal_sewer_entry_f,
          serial_bayou_crossing
D:6:      kennysheep_steamy, layout_cave_pools,
          grunt_temple_overflow_order_and_chaos_1,
          chequers_temple_overflow_statue_of_worship, lemuel_crystal_altar,
          minmay_temple_entry_nine_rooms, fedhas_ov_isle_minmay
D:7:      layout_cave_pods, enter_bailey_7, uniq_menkaure
Bailey:   bailey_polearm_flooded_kennysheep, bailey

Skill      XL: |  1  2  3  4  5  6  7  8  9 |
---------------+----------------------------+-----
Stealth        | 10 | 10.5
Invocations    | 1 2 3 4 5 |  5.0
Short Blades   | 1 2 3 4 |  4.5
Long Blades    | 1 2 3 4 |  4.5
Axes           | 1 2 3 4 |  4.5
Polearms       | 1 2 3 4 |  4.5
Staves         | 1 2 3 4 |  4.5
Slings         | 1 2 3 4 |  4.5
Bows           | 1 2 3 4 |  4.5
Crossbows      | 1 2 3 4 |  4.5
Throwing       | 1 2 3 4 |  4.5
Armour         | 1 2 3 4 |  4.5
Shields        | 1 2 3 4 |  4.5
Unarmed Combat | 1 2 3 4 |  4.5
Spellcasting   | 1 2 3 4 |  4.5
Evocations     | 1 2 3 4 |  4.5
Conjurations   | 1 2 3 |  3.7
Hexes          | 1 2 3 |  3.7
Summonings     | 1 2 3 |  3.7
Necromancy     | 1 2 3 |  3.7
Translocations | 1 2 3 |  3.7
Transmutations | 1 2 3 |  3.7
Fire Magic     | 1 2 3 |  3.7
Ice Magic      | 1 2 3 |  3.7
Air Magic      | 1 2 3 |  3.7
Earth Magic    | 1 2 3 |  3.7
Poison Magic   | 1 2 3 |  3.7
Maces & Flails | 5 6 |  6.5
Dodging        | 5 6 |  6.5
Fighting       | 7 8 |  8.0

Action                   |  1- 3 |  4- 6 |  7- 9 || total
-------------------------+-------+-------+-------++-------
Melee: Mace              |    35 |       |       ||    35
       Bite              |     4 |    29 |    62 ||    95
       Dagger            |     6 |   192 |   226 ||   424
       Punch             |       |       |     6 ||     6
       Scimitar          |       |       |   129 ||   129
Throw: Stone             |    14 |       |       ||    14
       Boomerang         |       |       |     9 ||     9
Invok: Bend Time         |       |       |     1 ||     1
Evoke: Wand              |     2 |     1 |     2 ||     5
  Use: Scroll            |     2 |     6 |     7 ||    15
       Potion            |     1 |       |     4 ||     5
 Stab: Sleeping          |     5 |    19 |     4 ||    28
       Distracted        |       |     1 |       ||     1
Armor: Leather armour    |     4 |     7 |       ||    11
       Scale mail        |       |    31 |    64 ||    95
       Chain mail        |       |       |   108 ||   108
Dodge: Dodged            |    25 |    94 |   217 ||   336
       Rpst.: Scimitar   |       |       |    17 ||    17

Table legend: (Time is in decaauts)
 A = Elapsed time spent in this place.
 B = Non-inter-level travel time spent in this place.
 C = Inter-level travel time spent in this place.
 D = Time resting spent in this place.
 E = Time spent auto-exploring this place.
 F = Levels seen in this place.
 G = Mean time per level.
                   A        B        C        D        E       F      G
               +--------+--------+--------+--------+--------+-----+--------+
         Total |   9660 |   9307 |    353 |   2976 |   4272 |   9 | 1073.3 |
       Dungeon |   8112 |   7759 |    353 |   1982 |   4272 |   7 | 1158.9 |
         Sewer |     64 |     64 |      0 |      0 |      0 |   1 |   64.0 |
        Bailey |   1483 |   1483 |      0 |    994 |      0 |   1 | 1483.0 |
               +--------+--------+--------+--------+--------+-----+--------+

Top non-repeatable levels by time:
     D:6: 1893 daAuts
     D:3: 1652 daAuts
     D:5: 1554 daAuts
  Bailey: 1483 daAuts
     D:4: 1114 daAuts
     D:2: 833 daAuts
     D:1: 792 daAuts
     D:7: 272 daAuts
   Sewer: 64 daAuts
